 Dungeon Crawl Stone Soup version 0.29.0-11-gd7f09526c8 (webtiles) character file.

Game seed: 11921050380805526176

94255 Bartlander the Severer (level 16, -6/155 HPs)
             Began as a Hill Orc Fighter on Sept 2, 2022.
             Was an Elder of Beogh.
             Mangled by a wolf spider (11 damage)
             ... on level 3 of the Lair of Beasts.
             The game lasted 03:06:11 (39971 turns).

Bartlander the Severer (Hill Orc Fighter)          Turns: 39971, Time: 03:06:11

Health: -6/155     AC: 10    Str: 27    XL:     16   Next: 11%
Magic:  28/28      EV:  9    Int:  8    God:    Beogh [****..]
Gold:   687        SH:  0    Dex: 10    Spells: 15/15 levels left

rFire   . . .      SeeInvis +   a - +0 broad axe
rCold   + + .      Faith    .   c - +0 buckler
rNeg    . . .      Spirit   .   q - +2 plate armour {rC+}
rPois   +          Reflect  +   t - +2 helmet
rElec   .          Harm     .   I - +2 cloak {Will+}
rCorr   .          Rampage  .   (no gloves)
Will    +++..                   l - +2 pair of boots
Stlth   ..........              e - amulet of Fatigue {Reflect rC+ Will+ SH+5}
HPRegen 0.35/turn               N - ring of see invisible
MPRegen 0.21/turn               F - ring of poison resistance

@: confused, lethally poisoned (-6 -> -25), corroded
A: no striking features
a: Renounce Religion, Smiting, Recall Orcish Followers


You were on level 3 of the Lair of Beasts.
You worshipped Beogh.
Beogh was greatly pleased with you.
You visited 5 branches of the dungeon, and saw 25 of its levels.

You collected 2521 gold pieces.
You spent 1834 gold pieces at shops.

Inventory:

Hand Weapons
 a - a +0 broad axe (weapon)
 b - a +4 spear of freezing
 D - a +0 sling of flaming
 S - a +1 vampiric war axe
Missiles
 h - 27 poisoned darts
 o - 2 throwing nets
 w - 9 javelins (quivered)
 B - 11 curare-tipped darts
Armour
 c - a +0 buckler (worn)
 l - a +2 pair of boots (worn)
 q - a +2 plate armour of cold resistance (worn)
 t - a +2 helmet (worn)
 I - a +2 cloak of willpower (worn)
Jewellery
 e - the amulet of Fatigue (around neck) {Reflect rC+ Will+ SH+5}
   (You took it off a centaur warrior on level 13 of the Dungeon)

   [amulet of reflection]

   It reflects blocked missile attacks.
   rC:        It protects you from cold.
   SH:        It affects your SH (+5).
   Will:      It increases your willpower.
 f - a +4 ring of slaying
 j - a +4 ring of evasion
 n - an amulet of magic regeneration
 v - a ring of resist corrosion
 F - a ring of poison resistance (right hand)
 G - the amulet of Tief {Spirit Contam rElec rPois SInv}
   (You found it on level 15 of the Dungeon)

   [amulet of guardian spirit]

   It causes incoming damage to be divided between your reserves of health and
   magic.
   rElec:     It insulates you from electricity.
   rPois:     It protects you from poison.
   SInv:      It lets you see invisible.
   Contam:    It causes magical contamination when unequipped.
 H - an amulet of reflection
 M - a +6 ring of intelligence
 N - a ring of see invisible (left hand)
 P - an amulet of guardian spirit
 W - a ring of ice
 X - a +6 ring of strength
 Z - a ring of positive energy
Wands
 y - a wand of paralysis (32)
 C - a wand of roots (17)
 E - a wand of mindburst (21)
 J - a wand of acid (25)
 R - a wand of flame (11)
Scrolls
 p - 7 scrolls of teleportation
 r - 7 scrolls of amnesia
 u - 3 scrolls of enchant armour
 z - 3 scrolls of magic mapping
 K - 2 scrolls of blinking
 L - 7 scrolls of identify
 O - a scroll of enchant weapon
 U - 2 scrolls of poison
 V - a scroll of fear
 Y - a scroll of fog
Potions
 d - 2 potions of invisibility
 g - 2 potions of resistance
 i - 3 potions of flight
 k - 6 potions of curing
 m - 4 potions of brilliance
 s - 4 potions of magic
 x - 5 potions of mutation
 A - a potion of might
 Q - 3 potions of ambrosia
Miscellaneous
 T - a box of beasts


   Skills:
 + Level 17.2 Fighting
 - Level 17.5 Axes
 - Level 15.9 Armour
 + Level 4.8 Dodging
 + Level 7.5 Shields
 - Level 16.0 Invocations


You had 15 spell levels left.
You didn't know any spells.
Your spell library contained the following spells:

 Spells                   Type           Power      Damage    Failure   Level
 Magic Dart               Conj           0%         1d3       97%         1
 Slow                     Hex            0%         N/A       97%         1
 Sting                    Tmut/Pois      0%         1d3       97%         1
 Ensorcelled Hibernation  Hex/Ice        0%         N/A       99%         2
 Passwall                 Tmut/Erth      0%         N/A       99%         2
 Poisonous Vapours        Pois/Air       0%         N/A       99%         2
 Searing Ray              Conj           0%         2d4       99%         2
 Confusing Touch          Hex            0%         N/A       100%        3
 Stone Arrow              Conj/Erth      0%         3d7       100%        3
 Swiftness                Air            0%         N/A       100%        3
 Vampiric Draining        Necr           0%         2d6       100%        3
 Animate Armour           Summ/Erth      0%         N/A       100%        4
 Fulminant Prism          Conj/Hex       0%         3d6       100%        4
 Olgreb's Toxic Radiance  Pois           0%         N/A       100%        4
 Summon Ice Beast         Ice/Summ       0%         N/A       100%        4
 Freezing Cloud           Conj/Ice/Air   0%         6-21      100%        5
 Summon Mana Viper        Hex/Summ       0%         N/A       100%        5
 Simulacrum               Ice/Necr       0%         N/A       100%        6
 Monstrous Menagerie      Summ           0%         N/A       100%        7
 Lehudib's Crystal Spear  Conj/Erth      0%         10d2      100%        8
 Polar Vortex             Ice            0%         N/A       100%        9


Dungeon Overview and Level Annotations

Branches:
Dungeon (15/15)            Temple (1/1) D:6            Lair (5/5) D:9
  Swamp (3/4) Lair:3       Spider (1/4) Lair:3        Slime (0/5) Lair:4
    Orc (0/2) D:9          Vaults (0/5) D:14         Depths (0/4) D:15

Altars:
Ashenzari
Cheibriados
Dithmenos
Elyvilon
Fedhas
Gozag
Hepliaklqana
Kikubaaqudgha
Makhleb
Nemelex Xobeh
Okawaru
Qazlal
Ru
Sif Muna
Trog
Uskayaw
Vehumet
Wu Jian
Xom
Yredelemnul
Zin
The Shining One
Jiyva

Shops:
D:1 (   D:3 (==*[   D:6 ([[   D:11 *

Annotations:
D:4 1 runed translucent door, Crazy Yiuf
D:13 2 transporters, jurb's ghost, journeyman DEEE
D:15 1 runed translucent door, TuffENuff's ghost, journeyman FoFi
Lair:4 1 runed translucent door
Lair:5 exclusion: obsidian statue


Message History

The wolf spider bites you but does no damage.
The redback bites you but does no damage.
The entropy weaver hits you but does no damage. x2
The entropy weaver hits you. x2
You slice the redback!!
You kill the redback!
Beogh accepts your kill.
You closely miss the entropy weaver. You hit the wolf spider.
The wolf spider barely misses you. The wolf spider closely misses you.
The entropy weaver hits you. The entropy weaver barely misses you.
The entropy weaver hits you but does no damage.
The entropy weaver closely misses you. The wolf spider hits you!
The wolf spider bites you.
You bump into the iron grate.
The tarantella touches you.
The entropy weaver points at you and mumbles some strange words.
The entropic weave corrodes you!
The wolf spider hits you but does no damage.
The wolf spider bites you.
You hit the tarantella.
You kill the tarantella!
Beogh accepts your kill.
You barely miss the wolf spider. You closely miss the entropy weaver.
The wolf spider hits you!! The wolf spider bites you!
* * * LOW HITPOINT WARNING * * *
You are poisoned.
The wolf spider poisons you!
The entropy weaver casts a spell at you.
The entropic weave corrodes you!
You feel very sick. The wolf spider closely misses you.
The wolf spider bites you!
* * * LOW HITPOINT WARNING * * *
The entropy weaver hits you but does no damage.
The entropy weaver hits you.
* * * LOW HITPOINT WARNING * * *
The entropy weaver hits you!
* * * LOW HITPOINT WARNING * * *
The entropy weaver hits you!
* * * LOW HITPOINT WARNING * * *
The wolf spider hits you!
You die...

##.......##... ###
#.......##.##
#########........####
###.###.#........## #.
###.##.#.##.#.#+...# ##
#.##.......###..#### #
##.#..###..###....#
###..#.s.#.####.#+###
####.#†@B#.#..^.....#
##..#.†.#.#........####
##.#..###..#.........##.
#..#...#...#........'...
##..##...##........[.###
##....###...........##
#.##.......#.###'..##
###.###.########.### ###
### ###..#


You could see an entropy weaver and a wolf spider.

Vanquished Creatures
  A sphinx (D:15)
  A thorn hunter (Swamp:3)
  2 eleionomae
  A dire elephant (D:14)
  A bunyip (Swamp:3)
  Fannar (Lair:3)
  An ettin (D:15)
  2 yaktaur captains (D:15)
  11 hydras
  4 ghost crabs
  6 centaur warriors
  4 boulder beetles
  2 catoblepae
  2 dancing weapons (D:14)
  4 alligators
  A death knight (D:13)
  A two-headed ogre (D:11)
  A death yak (Lair:5)
  5 spriggans
  Sonja (Lair:4)
  16 skeletal warriors
  2 goliath frogs
  3 bog bodies
  A spriggan druid (Swamp:3)
  An orc knight (D:15)
  2 swamp dragons
  A necromancer (Lair:5)
  A mana viper (shapeshifter) (D:14)
  A salamander (D:15)
  A will-o-the-wisp (Swamp:3)
  A manticore (D:15)
  8 ugly things
  A dire elephant zombie (Lair:5)
  Joseph (D:7)
  15 elephants
  2 black mambas (Lair:1)
  A cane toad (shapeshifter) (D:15)
  4 gargoyles
  9 cane toads
  A rime drake (Lair:3)
  Maggie (D:9)
  4 komodo dragons
  An unseen horror (D:13)
  3 yaktaurs (D:15)
  A freezing wraith (D:14)
  2 polar bears (Lair:3)
  2 trolls (D:10)
  A meliai (Lair:3)
  A wolf spider simulacrum (D:14)
  4 tyrant leeches
  A tarantella (Lair:3)
  5 hornets
  6 slime creatures
  A spectral elephant (Lair:5)
  Prince Ribbit (D:7)
  10 blink frogs
  4 dream sheep (Lair:5)
  A slime creature (shapeshifter) (D:15)
  A centaur simulacrum (D:14)
  4 wyverns
  5 shadows
  52 yaks
  5 wraiths
  Eustachio (D:5)
  A basilisk (shapeshifter) (D:14)
  A hog (shapeshifter) (D:14)
  2 basilisks
  3 redbacks (Lair:3)
  2 steam dragons (D:7)
  15 vampire mosquitoes
  9 swamp worms
  6 acid dragons
  13 water moccasins
  Duvessa (D:7)
  3 swamp drakes
  6 orc warriors
  An ice beast (D:6)
  An ogre (D:4)
  A sky beast (D:7)
  2 black bears
  An elephant zombie (Lair:5)
  10 centaurs
  2 phantoms
  3 kobold brigands
  2 gnoll sergeants
  8 bullfrogs
  A scorpion (D:5)
  Dowan (D:7)
  8 wights (D:7)
  4 killer bees (Lair:3)
  2 electric eels
  3 howler monkeys (D:8)
  4 hounds
  2 orc priests
  A jelly (D:4)
  13 orc wizards
  4 iguanas
  11 gnolls
  6 adders
  2 shadow imps
  3 white imps
  An ufetubus (D:4)
  4 worms
  2 dart slugs (D:2)
  19 orcs
  6 endoplasms
  3 giant cockroaches
  7 hobgoblins
  4 jackals (D:4)
  5 quokkas
  10 ball pythons
  5 bats
  5 frilled lizards
  6 goblins
  18 kobolds
  4 rats
498 creatures vanquished.

Vanquished Creatures (collateral kills)
  Rupert (Lair:5)
  A spriggan air mage (Swamp:3)
  2 spriggan berserkers (Swamp:3)
  A hornet (Swamp:3)
  A spriggan (Swamp:3)
6 creatures vanquished.

Vanquished Creatures (others)
  A hydra (Swamp:2)
  A bloated husk (Swamp:3)
  2 swamp worms (Swamp:2)
  A swamp drake (Swamp:3)
  3 orc priests
  7 orcs
  4 foxfires (Swamp:3)
  37 fungi
  24 plants
  18 withered plants (Lair:5)
98 creatures vanquished.

Grand Total: 602 creatures vanquished

Notes
Turn   | Place    | Note
-------+----------+-------------------------------------------
     0 | D:1      | Bartlander the Hill Orc Fighter began the quest for the
                  | Orb.
     0 | D:1      | Reached XP level 1. HP: 19/19 MP: 1/1
    92 | D:1      | Found a faded altar of an unknown god.
   157 | D:1      | Reached XP level 2. HP: 19/27 MP: 2/2
   409 | D:1      | You fall into a shaft and drop 1 floor!
   614 | D:1      | Found Niph's Antique Weapon Shop.
   730 | D:1      | Reached XP level 3. HP: 33/33 MP: 3/3
  1616 | D:2      | Reached XP level 4. HP: 40/40 MP: 4/4
  1695 | D:2      | Reached skill level 5 in Axes
  2142 | D:3      | Found Buicy's Armour Shop.
  2196 | D:3      | Found Etetal's Jewellery Shop.
  2245 | D:3      | Found Queshogo's Jewellery Emporium.
  2266 | D:3      | Found Tumidd's Weapon Boutique.
  2287 | D:3      | Reached XP level 5. HP: 46/46 MP: 5/5
  2517 | D:3      | Found Hoyllu's General Store.
  2926 | D:4      | Noticed an ogre
  3326 | D:4      | Reached XP level 6. HP: 31/51 MP: 6/6
  3712 | D:4      | Found a runed translucent door.
  3713 | D:4      | Noticed Crazy Yiuf
  3877 | D:5      | Entered Level 5 of the Dungeon
  4058 | D:5      | Noticed Eustachio
  4071 | D:5      | Killed Eustachio
  4072 | D:5      | Reached XP level 7. HP: 54/59 MP: 7/7
  4285 | D:4      | Reached skill level 10 in Axes
  4634 | D:5      | Found a hide-covered altar of Uskayaw.
  4634 | D:5      | Found a broken altar of Ashenzari.
  4635 | D:5      | Found an ornate altar of the Wu Jian Council.
  4663 | D:5      | Found a sparkling altar of Nemelex Xobeh.
  4989 | D:5      | Reached XP level 8. HP: 47/66 MP: 8/8
  5552 | D:6      | Found Omasacs's Weapon Emporium.
  5639 | D:6      | Found Yqoujets's Armour Boutique.
  5769 | D:6      | Found a burning altar of Makhleb.
  6101 | D:6      | Found Yheanw Latif's Antique Armour Shoppe.
  6349 | D:6      | Found a staircase to the Ecumenical Temple.
  6622 | Temple   | Entered the Ecumenical Temple
  6799 | D:7      | Noticed Dowan
  6974 | D:7      | Noticed Joseph
  7153 | D:7      | Noticed Duvessa
  7169 | D:7      | Killed Duvessa
  7170 | D:7      | Reached XP level 9. HP: 71/71 MP: 9/9
  7236 | D:7      | Found a bloodstained altar of Trog.
  7240 | D:7      | Found a hazy altar of Hepliaklqana.
  7274 | D:7      | Noticed Prince Ribbit
  7316 | D:7      | Killed Prince Ribbit
  7317 | D:7      | Reached skill level 15 in Axes
  7839 | D:7      | Killed Joseph
  8023 | D:7      | Reached skill level 5 in Fighting
  8236 | D:7      | Reached skill level 5 in Armour
  8366 | D:7      | Killed Dowan
  8416 | D:8      | Found a shadowy altar of Dithmenos.
  8424 | D:8      | Became a worshipper of Beogh the Brigand
  8955 | D:8      | Reached XP level 10. HP: 83/83 MP: 10/10
  9025 | D:8      | Reached skill level 1 in Invocations
  9314 | D:8      | Found a glowing silver altar of Zin.
 10419 | D:9      | Noticed a seven-headed hydra
 10475 | D:9      | Reached skill level 5 in Invocations
 10531 | D:9      | Noticed Maggie
 10549 | D:9      | Killed Maggie
 10807 | D:9      | Found a staircase to the Orcish Mines.
 10831 | D:9      | Killed a seven-headed hydra
 10832 | D:9      | Reached XP level 11. HP: 34/95 MP: 14/16
 11315 | D:9      | Found a staircase to the Lair.
 11331 | D:9      | Identified the +4 trident "Fizet" {vorpal, MP+9 Str+4
                  | Int-4}
 11799 | D:10     | Entered Level 10 of the Dungeon
 11902 | D:10     | Reached * piety under Beogh
 12782 | D:10     | Reached skill level 10 in Fighting
 13280 | D:11     | Noticed a two-headed ogre
 13421 | D:11     | Found Xisu's Assorted Antiques.
 13942 | D:11     | Killed a two-headed ogre
 14077 | D:12     | Noticed a skeletal warrior
 14555 | D:12     | Noticed a skeletal warrior
 14833 | D:6      | Bought a +2 cloak of willpower for 258 gold pieces
 14906 | D:3      | Bought a ring of poison resistance for 200 gold pieces
 15015 | Lair:1   | Entered Level 1 of the Lair of Beasts
 15062 | Lair:1   | Noticed a catoblepas
 15306 | D:3      | Bought a scroll of identify for 20 gold pieces
 15306 | D:3      | Bought 2 scrolls of blinking for 150 gold pieces
 15306 | D:3      | Bought a potion of curing for 30 gold pieces
 15458 | Lair:1   | Killed a catoblepas
 15459 | Lair:1   | Reached skill level 10 in Armour
 15459 | Lair:1   | Reached XP level 12. HP: 105/108 MP: 19/19
 15696 | Lair:1   | Reached skill level 10 in Invocations
 16023 | Lair:1   | Noticed a five-headed hydra
 16031 | Lair:1   | Killed a five-headed hydra
 16223 | Lair:1   | You fall into a shaft and drop 1 floor!
 17525 | Lair:2   | Reached ** piety under Beogh
 18104 | Lair:3   | Noticed Fannar
 18124 | Lair:3   | Killed Fannar
 18283 | Lair:3   | Found a hole to the Spider Nest.
 18395 | Lair:3   | Reached XP level 13. HP: 110/119 MP: 22/22
 19155 | Lair:3   | Found a staircase to the Swamp.
 19626 | Lair:4   | Noticed Sonja
 19641 | Lair:4   | Killed Sonja
 19959 | Lair:4   | Found a runed translucent door.
 19960 | Lair:4   | Found a viscous altar of Jiyva.
 19960 | Lair:4   | Noticed an azure jelly
 19990 | Lair:4   | Noticed an azure jelly
 19991 | Lair:4   | Found a staircase to the Slime Pits.
 20280 | Lair:4   | Reached *** piety under Beogh
 20730 | Lair:4   | Identified a scroll of acquirement
 20730 | Lair:4   | Acquired 814 gold pieces
 20732 | Lair:5   | Entered Level 5 of the Lair of Beasts
 21790 | Lair:5   | Noticed Rupert
 23134 | D:12     | Reached XP level 14. HP: 37/133 MP: 24/24
 24267 | D:11     | Reached skill level 15 in Fighting
 24426 | D:12     | Reached skill level 15 in Invocations
 25224 | D:13     | Found a transporter.
 25233 | D:13     | Identified the amulet of Fatigue {Reflect rC+ Will+ SH+5}
 25681 | Lair:5   | Killed Rupert
 25763 | Lair:5   | Noticed a dire elephant
 25763 | Lair:5   | Noticed a dire elephant
 25763 | Lair:5   | Noticed a dire elephant
 27519 | D:6      | Bought a runed plate armour for 676 gold pieces
 27605 | D:3      | Bought a ring of resist corrosion for 200 gold pieces
 27605 | D:3      | Bought an amulet of reflection for 300 gold pieces
 29078 | D:13     | Found a transporter.
 29080 | D:13     | Noticed jurb's ghost (journeyman DEEE)
 29252 | D:14     | Found a gate to the Vaults.
 30794 | D:14     | Reached skill level 1 in Dodging
 31408 | D:15     | Entered Level 15 of the Dungeon
 31747 | D:15     | Found a staircase to the Depths.
 31747 | D:15     | Noticed a dire elephant
 31768 | D:15     | Reached XP level 15. HP: 120/144 MP: 27/27
 31774 | D:14     | Reached **** piety under Beogh
 31970 | D:15     | Reached skill level 15 in Armour
 32124 | D:15     | Reached skill level 5 in Shields
 32699 | D:15     | Found a runed translucent door.
 32701 | D:15     | Found a shimmering altar of Xom.
 32701 | D:15     | Noticed TuffENuff's ghost (journeyman FoFi)
 33265 | D:15     | Noticed a sphinx
 33290 | D:15     | Killed a sphinx
 33430 | D:15     | Identified the amulet of Tief {Spirit Contam rElec rPois
                  | SInv}
 33627 | D:15     | Identified the +1 robe "Xujamafa" {Dex+5}
 34243 | Swamp:1  | Entered Level 1 of the Swamp
 38108 | Swamp:3  | Noticed a thorn hunter
 38865 | Swamp:3  | Reached XP level 16. HP: 130/147 MP: 28/28
 39170 | Swamp:3  | Killed a thorn hunter
 39932 | Spider:1 | Entered Level 1 of the Spider Nest
 39971 | Lair:3   | HP: 5/155 [entropy weaver (10)]
 39971 | Lair:3   | Mangled by a wolf spider

Illustrated notes

Levels and vault maps discovered:
D:1:      dpeg_arrival_arbitrary_c, layout_basic,
          nicolae_ecumenical_snake_handling, serial_shops, nicolae_shop_trees,
          nicolae_titane
D:2:      layout_basic
D:3:      layout_rooms, serial_shops, nicolae_shop_statue_plus,
          nicolae_shop_stone, nicolae_shop_advertising_works
          [nicolae_subvault_shop_adworks], shop, nicolae_shop_trees
D:4:      layout_loops_ring, uniq_crazy_yiuf_cottage
D:5:      layout_basic, nicolae_overflow_quartered_altars, serial_curves,
          eino_curves_01, eino_curves_03, uniq_eustachio
D:6:      layout_basic, makhleb_blood_cavern_becter,
          minmay_temple_entry_poolview, serial_shops,
          nicolae_shop_temple_entry_statues_fountains, shop,
          nicolae_shop_hallway_stairs
D:7:      layout_loops_ring, amcnicky_altar_gilded, nzn_hepliaklqana_mist_gate,
          uniq_joseph, uniq_duvessa, uniq_prince_ribbit1
D:8:      layout_layer_cave, zin_treasury, lemuel_round_altar
D:9:      minmay_flawed_box, layout_basic, lair_entry_dummy, uniq_maggie
D:10:     layout_stronghold
D:11:     layout_loops_ring, serial_shops, shop, grunt_decor_cap,
          kennysheep_dice
D:12:     layout_basic, chequers_serial_rivers_room_b
D:13:     layout_long_grid, gammafunk_ghost_smash
D:14:     layout_basic, erik_vaults_1, minmay_splitting_lines
D:15:     hangedman_depths_entry_try_elsewhere_first, layout_small_grid,
          ebering_ghost_xom, hangedman_abyss_or_decor_stagger,
          minmay_diamond_spiral
Temple:   nicolae_temple_ecumenical_triangle
Lair:1:   layout_small_grid
Lair:2:   layout_roguey
Lair:3:   layout_roguey, nicolae_swamp_entry_splash_gauntlet,
          hellmonk_spider_entry_not_the_bees, chequers_serial_rivers_large_b,
          uniq_fannar
Lair:4:   layout_loops_ring, slime_entry_2, uniq_sonja
Lair:5:   due_jungle_book, layout_loops_ring, serial_bayou_ford_a,
          lemuel_fruit_tree, grunt_megastairs_3, uniq_rupert
Swamp:1:  layout_basic_swamp, evilmike_swamp_ruin_house_3,
          infiniplex_staircase_pool
Swamp:2:  layout_basic_swamp, nicolae_swamp_fairy_circle
Swamp:3:  layout_basic_swamp, evilmike_swamp_ruin_house_1
Spider:1: layout_spider_delve

Skill      XL: |  1  2  3  4  5  6  7  8  9 10 11 12 13 14 15 |
---------------+----------------------------------------------+-----
Axes           | 3 4 5 7 9 11 14 16 17 | 17.5
Fighting       | 4 6 8 10 12 14 16 17 | 17.2
Armour         | 5 8 10 11 13 14 15 | 15.9
Invocations    | 7 9 12 14 16 | 16.0
Shields        | 4 7 |  7.5
Dodging        | 1 4 |  4.8

Action                   |  1- 3 |  4- 6 |  7- 9 | 10-12 | 13-15 | 16-18 || total
-------------------------+-------+-------+-------+-------+-------+-------++-------
Melee: War axe           |   102 |   186 |   322 |   710 |   807 |       ||  2127
       Spear             |       |       |       |    18 |    78 |    12 ||   108
       Broad axe         |       |       |       |       |   618 |    57 ||   675
 Fire: Sling             |       |    13 |     2 |       |       |       ||    15
Throw: Dart              |       |    18 |     4 |     4 |       |       ||    26
       Javelin           |       |       |       |     9 |    85 |     4 ||    98
       Throwing net      |       |       |       |     1 |       |       ||     1
Invok: Convert to Beogh  |       |       |     1 |       |       |       ||     1
       Smiting           |       |       |       |     1 |    14 |       ||    15
Evoke: Wand              |       |       |       |     2 |     6 |     2 ||    10
  Use: Scroll            |     4 |     7 |     5 |    12 |    15 |       ||    43
       Potion            |       |     2 |     2 |     5 |     5 |     2 ||    16
 Stab: Held in net/web   |       |       |       |     1 |       |       ||     1
       Paralysed         |       |       |       |       |     6 |       ||     6
Armor: Scale mail        |    36 |       |       |       |       |       ||    36
       Chain mail        |     8 |    90 |   120 |    77 |       |       ||   295
       Skin              |       |     1 |    20 |     5 |       |       ||    26
       Plate armour      |       |       |       |   204 |   793 |    52 ||  1049
Dodge: Dodged            |    44 |    96 |   113 |   194 |   340 |    36 ||   823
Block: Buckler           |    19 |    38 |    46 |    89 |   448 |    24 ||   664
       Reflection        |       |       |       |       |    28 |     1 ||    29
